[Event "Team 45 45 League T34"]
[Site "Internet Chess Club"]
[Date "2007.07.24"]
[Round "1"]
[White "clarnibass"]
[Black "Stav"]
[Result "1-0"]
[WhiteElo "1765"]
[BlackElo "1639"]
[Opening "Sicilian: Grand Prix attack"]
[ECO "B23"]
[Time "13:01:29"]
[TimeControl "2700+45"]

1. e4 c5 2. Nc3 Nc6 3. f4 e6 4. Nf3 d6 5. Bb5 Bd7 6. O-O Nf6 7. d3 Be7 8. Bxc6
Bxc6 9. e5 Nd5 10. Ne4 h6 11. Bd2 Qc7 12. exd6 Bxd6 13. Nxd6+ Qxd6 14. Ne5 O-O
15. Qg4 Nf6 16. Qe2 Rad8 17. Bc3 b5 18. Nxc6 Qxc6 19. Bxf6 gxf6 20. Qh5 Kh7 21.
f5 Rg8 22. Rf2 Rg7 23. Re1 Rdg8 24. g3 e5 25. Re4 Rg5 26. Qxf7+ R8g7 27. Qf8 c4
28. Qa3 cxd3 29. Qxd3 Rd7 30. Qe2 Qc5 31. Kg2 Qd5 32. b3 h5 33. h3 Rdg7 34. Kh2
Kg8 35. Re3 a6 36. Qd3 Qb7 37. Qd8+ Kh7 38. Qxf6 Qa7 39. Rfe2 e4 40. Qe5 Re7 41.
Qf4 Reg7 42. Qxe4 Qc7 43. f6+ R7g6 44. Qe7+ Rg7 45. fxg7 {Black resigns} 1-0

[Event "Team 45 45 League T34"]
[Site "Internet Chess Club"]
[Date "2007.07.25"]
[Round "1"]
[White "PiedraBuena"]
[Black "John3v16"]
[Result "0-1"]
[WhiteElo "1774"]
[BlackElo "1955"]
[Opening "English: Sicilian reversed"]
[ECO "A25"]
[Time "05:56:29"]
[TimeControl "2700+45"]

1. c4 e5 2. Nc3 Nc6 3. e4 Bb4 4. d3 d6 5. Be2 f5 6. exf5 Bxf5 7. Bg4 Qd7 8. Bxf5
Qxf5 9. Qf3 Qxf3 10. Nxf3 Nd4 11. Nxd4 exd4 12. a3 Bxc3+ 13. bxc3 dxc3 14. Kd1
d5 15. cxd5 O-O-O 16. Kc2 Rxd5 17. Kxc3 Nf6 18. Bf4 Rhd8 19. Rhd1 Ne4+ 20. Kc2
Nxf2 21. Rd2 Rc5+ 22. Kb3 Rxd3+ 23. Rxd3 Nxd3 24. Be3 Re5 25. Bd4 Re7 26. Rd1
Nf4 27. g3 Ne6 28. Be3 Rd7 29. Rxd7 Kxd7 30. Kc4 a6 31. h4 b5+ 32. Kd5 c6+ 33.
Ke5 c5 34. g4 c4 35. Kd5 Nc7+ 36. Kc5 Ne6+ 37. Kb6 Nc7 38. Kc5 Ke6 39. a4 Nd5
40. Bd4 c3 41. axb5 c2 42. Bb2 axb5 43. Kxb5 Nc3+ 44. Kc4 Ne2 45. Kd3 c1=Q 46.
Bxc1 Nxc1+ 47. Ke4 Ne2 48. g5 g6 49. Kf3 Kf5 {White resigns} 0-1

[Event "Team 45 45 League T34"]
[Site "Internet Chess Club"]
[Date "2007.07.22"]
[Round "1"]
[White "ExpertLevel"]
[Black "alexcluster"]
[Result "0-1"]
[WhiteElo "1740"]
[BlackElo "1817"]
[Opening "Réti: King's Indian attack, Spassky's variation"]
[ECO "A05"]
[Time "17:02:31"]
[TimeControl "2700+45"]

1. Nf3 Nf6 2. g3 b5 3. Bg2 Bb7 4. O-O g6 5. c4 bxc4 6. Qa4 Bg7 7. Nc3 O-O 8.
Qxc4 d6 9. Nb5 c5 10. d4 cxd4 11. Qc7 Qd7 12. Nfxd4 Bxg2 13. Kxg2 a6 14. Qxd7
Nbxd7 15. Nc3 Rac8 16. Nb3 Nc5 17. Nxc5 Rxc5 18. Be3 Rcc8 19. f3 Nd7 20. Nd5
Rfe8 21. Rac1 Rxc1 22. Rxc1 e6 23. Nc7 Rb8 24. b3 a5 25. Rc6 d5 26. Rd6 Nf8 27.
Bb6 Bc3 28. Nb5 Bb4 29. a3 Bxd6 {White resigns} 0-1

[Event "Team 45 45 League T34"]
[Site "Internet Chess Club"]
[Date "2007.07.19"]
[Round "1"]
[White "mambomex"]
[Black "dondel"]
[Result "1-0"]
[WhiteElo "1823"]
[BlackElo "1625"]
[Opening "Pirc: classical (two knights) system"]
[ECO "B08"]
[Time "21:10:27"]
[TimeControl "2700+45"]

1. e4 d6 2. d4 Nf6 3. Nc3 g6 4. Nf3 Bg7 5. Bc4 h6 6. O-O Bd7 7. e5 dxe5 8. dxe5
Ng8 9. Bxf7+ Kxf7 10. e6+ Bxe6 11. Qxd8 {Black resigns} 1-0

[Event "Team 45 45 League T34"]
[Site "Internet Chess Club"]
[Date "2007.07.20"]
[Round "1"]
[White "OGO"]
[Black "chipionero"]
[Result "1/2-1/2"]
[WhiteElo "1667"]
[BlackElo "1676"]
[Opening "Sicilian, Chekhover variation"]
[ECO "B53"]
[Time "11:00:48"]
[TimeControl "2700+45"]

1. e4 c5 2. Nf3 d6 3. d4 cxd4 4. Qxd4 Nc6 5. Bb5 Bd7 6. Bxc6 Bxc6 7. Nc3 Nf6 8.
Bg5 e6 9. O-O-O Be7 10. Rhe1 O-O 11. Kb1 e5 12. Qd3 Qb6 13. Qe3 Qc7 14. Qd3 Rfd8
15. Nd5 Nxd5 16. exd5 Be8 17. Bxe7 Qxe7 18. Nd4 Qc7 19. Ne2 Rdc8 20. c3 a5 21.
Ng3 f6 22. Ne4 Bg6 23. Qd2 a4 24. Ka1 Qc4 25. Nxd6 Qc7 26. Nxc8 Rxc8 27. d6 Qd7
28. Qe3 Bf7 29. Qb6 Qe6 30. b3 axb3 31. axb3 Qd7 32. Kb2 Rc6 33. Qb5 Be6 34. Re4
Qd8 35. Qxb7 Rb6 36. Qc7 Rxb3+ 37. Kc2 Qa8 38. f3 Qa2+ 39. Kd3 Qa6+ 40. Ke3 Rb2
41. Qd8+ Kf7 42. Qe7+ Kg6 43. Rd2 Qb6+ 44. Kd3 Qb5+ 45. Ke3 Qb6+ 46. Kd3 Qb5+
47. Ke3 Qb6+ {Game drawn by repetition} 1/2-1/2